Map: [ESL] Hecate

Players

BabyMarine - Winner!

  • Race: Terran Terran
  • Spawn Location: 7:00

ForJumY

  • Race: Protoss Protoss
  • League: Grandmaster
  • Spawn Location: 1:00

Event: HomeStory Cup XXIV

VOD

Have the link to the VOD?

Description

Time

  • Played on: Dec. 2, 2023, 8:46 a.m.
  • Length: 30:46

All games in this series

Show
View Real Time Build Order
Export as new Build Order

BabyMarine Terran - Winner!

Build Orders:  

Get SALT Encoding   

  12  0:01  SCV  
  13  0:13  SCV  
  14  0:17  Supply Depot  
  14  0:25  SCV  
  15  0:29  Refinery  
  15  0:38  SCV  
  16  0:45  Barracks  
  16  0:50  SCV  
  17  1:03  SCV  
  18  1:15  SCV  
  19  1:33  Marine  
  19  1:34  Orbital Command  
  19  1:36  Factory  
  20  1:40  Supply Depot  
  20  1:52  Barracks Reactor  
  20  2:00  SCV  
  21  2:13  SCV  
  21  2:15  Supply Depot  
  22  2:25  SCV  
  23  2:34  Hellion x2  
  27  2:40  Starport  
  27  2:49  Command Center  
  27  2:55  Hellion  
  27  2:57  Hellion  
  31  3:08  SCV  
  31  3:17  Barracks Tech Lab  
  31  3:18  Medivac  
  33  3:25  Factory Tech Lab, Supply Depot  
  33  3:26  Marine x2  
  35  3:27  SCV  
  35  3:28  Refinery  
  36  3:42  Barracks  
  36  3:43  Marine  
  36  3:44  SCV, Marine  
  35  3:50  Cyclone  
  37  3:56  SCV  
  37  4:02  Marine x2  
  40  4:06  Orbital Command  
  40  4:08  SCV  
  41  4:19  Marine  
  41  4:20  Marine  
  41  4:22  SCV  
  44  4:32  SCV  
  44  4:34  SCV  
  44  4:36  Stimpack, Marine  
  44  4:37  Marine x2  
  45  4:42  Supply Depot  
  45  4:44  SCV  
  48  4:45  Cyclone  
  48  4:46  SCV  
  49  4:53  Engineering Bay  
  49  4:55  Marine x2  
  49  4:56  SCV  
  49  4:58  SCV  
  53  5:08  SCV  
  53  5:09  Refinery  
  53  5:10  Barracks  
  53  5:11  SCV, Supply Depot  
  53  5:13  Marine  
  56  5:20  SCV  
  57  5:22  Marine x2  
  57  5:23  SCV, Medivac  
  57  5:26  Cyclone  
  64  5:28  Terran Infantry Weapons Level 1  
  64  5:30  Marine  
  64  5:32  SCV  
  66  5:37  Supply Depot  
  66  5:40  Marine  
  66  5:42  SCV  
  68  5:45  Marine  
  68  5:48  Marine  
  69  5:51  SCV  
  69  5:56  Barracks Tech Lab  
  70  5:57  Starport Reactor  
  70  5:58  SCV  
  70  6:00  Factory Reactor  
  70  6:03  Refinery  
  71  6:04  Marine  
  71  6:05  Marine  
  71  6:06  Command Center  
  71  6:10  SCV  
  74  6:15  Combat Shield  
  73  6:23  SCV  
  73  6:24  SCV  
  75  6:26  Barracks  
  75  6:28  Barracks  
  75  6:30  Marauder, Marine  
  75  6:31  Marauder  
  80  6:35  SCV  
  80  6:36  SCV  
  80  6:39  Marine  
  80  6:47  SCV  
  80  6:48  SCV, Marine  
  80  6:49  Widow Mine  
  80  6:52  Marauder, Concussive Shells  
  80  6:53  Widow Mine  
  88  6:59  SCV  
  88  7:00  Marauder  
  90  7:01  Marine  
  90  7:03  Medivac  
  93  7:09  SCV  
  93  7:15  Barracks Reactor  
  94  7:17  Medivac  
  94  7:18  Orbital Command, Barracks Tech Lab, Widow Mine x2  
  94  7:22  SCV  
  99  7:24  SCV  
  97  7:30  Marine  
  97  7:31  Missile Turret, Marauder  
  97  7:34  Marauder  
  97  7:35  Marine  
  103  7:39  Orbital Command, Terran Infantry Armor Level 1  
  103  7:47  Armory  
  103  7:48  Marine  
  104  7:52  Marauder  
  104  7:56  Viking  
  108  8:06  SCV, Supply Depot x2  
  108  8:08  Viking, SCV x2  
  113  8:15  Marauder x2  
  117  8:27  Marine  
  117  8:28  Viking, SCV  
  119  8:35  SCV x2, Ghost Academy  
  119  8:38  Viking  
  119  8:41  Marauder x2  
  127  8:43  SCV  
  127  8:44  Supply Depot  
  128  8:53  Widow Mine x2  
  128  8:54  SCV x2  
  130  8:58  Viking  
  130  9:01  Supply Depot  
  132  9:05  Ghost x2  
  136  9:10  Ghost, Supply Depot  
  136  9:12  SCV  
  136  9:14  SCV  
  140  9:21  Marine  
  140  9:22  Marine x2  
  140  9:23  Widow Mine x2  
  147  9:24  Viking  
  149  9:31  SCV x2  
  149  9:33  Supply Depot, Refinery  
  149  9:34  Refinery  
  149  9:36  Ghost  
  153  9:44  SCV x2  
  153  9:46  Terran Infantry Weapons Level 2  
  153  9:48  SCV  
  154  9:56  SCV x2  
  155  10:00  Marauder  
  155  10:04  Marauder  
  155  10:05  Marine x4  
  155  10:06  Marauder  
  163  10:10  Engineering Bay  
  163  10:18  SCV x2  
  163  10:20  Command Center  
  165  10:24  Marine  
  165  10:25  Marauder  
  165  10:26  SCV  
  162  10:30  SCV x2  
  162  10:32  Marine x2  
  162  10:33  Marauder  
  159  10:38  SCV  
  148  10:55  Supply Depot  
  148  10:56  Marauder x3, Marine x4  
  157  11:04  Terran Infantry Armor Level 2, Missile Turret  
  154  11:10  Terran Ship Weapons Level 1  
  154  11:13  Marine  
  154  11:15  Marine x3  
  154  11:17  Marauder, Widow Mine x2  
  154  11:18  Marauder  
  166  11:21  Viking x2  
  166  11:29  Barracks x2  
  166  11:31  Barracks  
  166  11:37  Marauder, Marine x2  
  170  11:48  Marine x2  
  170  11:49  Marauder x2  
  170  11:51  Viking  
  178  11:54  Marine  
  178  11:58  Ghost  
  178  11:59  Marine  
  179  12:06  Marine x2  
  171  12:09  Ghost  
  171  12:10  Marauder  
  171  12:12  Marine  
  174  12:19  Planetary Fortress  
  174  12:20  Terran Infantry Weapons Level 3, SCV x2  
  176  12:23  Barracks Tech Lab x2  
  176  12:26  SCV  
  176  12:27  Marauder  
  176  12:29  Barracks Reactor  
  179  12:31  Marauder  
  175  12:45  Marauder x3  
  175  12:48  Starport  
  175  12:49  Fusion Core  
  175  12:50  Missile Turret  
  181  12:52  Sensor Tower, SCV x3  
  181  12:53  Sensor Tower  
  181  12:54  Command Center  
  181  12:55  Marauder x2  
  188  12:59  Missile Turret  
  188  13:03  Missile Turret  
  188  13:06  Medivac x2  
  192  13:17  Marauder x2, Marine x2  
  177  13:33  Marauder x2, Marine x2  
  172  13:40  Marine x2  
  172  13:41  Marauder  
  146  13:47  Ghost x2  
  150  13:52  Terran Ship Weapons Level 2, Advanced Ballistics  
  150  13:53  Terran Infantry Armor Level 3  
  150  13:56  Marine x3, Refinery  
  150  13:57  Marine, Marauder x2, Refinery  
  150  13:59  Marine x2  
  150  14:01  SCV  
  150  14:02  SCV  
  160  14:13  Ghost  
  160  14:16  Liberator  
  160  14:17  Liberator x2  
  165  14:20  Ghost  
  173  14:26  Liberator  
  173  14:29  Widow Mine  
  178  14:39  Marauder x3  
  178  14:45  Missile Turret  
  184  14:47  Sensor Tower  
  184  15:12  Liberator x3  
  191  15:14  Planetary Fortress  
  191  15:15  Refinery  
  191  15:16  Command Center, Refinery  
  191  15:22  Missile Turret  
  191  15:31  Marine x2, SCV  
  191  15:32  Marauder x2  
  176  15:40  SCV  
  176  15:41  SCV  
  176  15:42  Marauder x2, Marine x2  
  155  15:54  Missile Turret, SCV x3  
  157  15:58  Liberator x2, Medivac x2  
  157  16:03  SCV  
  168  16:06  SCV  
  158  16:26  SCV  
  158  16:27  Liberator  
  158  16:28  Liberator  
  157  16:41  Liberator  
  157  16:42  SCV  
  157  16:43  Marine x2  
  157  16:46  Medivac  
  163  16:59  Command Center  
  159  17:05  Terran Vehicle And Ship Armor Level 1  
  159  17:10  Liberator, Medivac  
  159  17:14  Marauder x5  
  159  17:15  Sensor Tower  
  174  17:16  Liberator  
  174  17:18  Marine  
  174  17:19  Marine x4  
  177  17:44  Marauder, Marine x2  
  177  17:45  Marauder  
  177  17:50  Planetary Fortress  
  180  17:55  Liberator x2  
  186  18:00  Liberator x2  
  172  18:15  Marine x2  
  172  18:16  Marauder x2  
  175  18:37  Ghost  
  175  18:38  Ghost, Marauder  
  175  18:39  Marauder  
  183  18:52  Ghost  
  183  18:53  SCV  
  165  18:58  Ghost  
  165  18:59  Ghost  
  165  19:00  SCV x2  
  165  19:01  Planetary Fortress  
  165  19:02  SCV  
  172  19:04  Marine x2  
  172  19:05  Marine x3  
  172  19:06  Ghost  
  172  19:07  Marauder  
  160  19:17  Marine  
  160  19:21  Marauder  
  160  19:22  Marine x3  
  146  19:27  Marine x2  
  146  19:28  Marauder x2  
  146  19:29  Marauder  
  151  19:34  SCV  
  151  19:35  Marauder  
  150  19:40  Marine x3  
  150  19:43  Marauder  
  153  19:49  Marauder  
  153  19:50  Marauder x2  
  153  19:52  Marine  
  152  19:57  Marauder  
  152  19:59  Marine x2  
  156  20:04  Marauder  
  158  20:07  Marine  
  158  20:08  Marine  
  158  20:11  Marauder x2  
  158  20:12  Marauder  
  165  20:17  Marine x3  
  165  20:18  Marauder  
  165  20:21  Marine  
  168  20:25  Marauder, Marine  
  171  20:32  Liberator, Marauder x2  
  178  20:42  Liberator  
  177  20:43  Liberator  
  169  20:52  Orbital Command  
  169  20:54  Marine  
  169  20:55  Marauder x2, Marine  
  160  21:01  Marine x2  
  160  21:02  Marauder x2  
  149  21:05  Marine  
  149  21:06  Marauder, Marine  
  143  21:13  Marine x2  
  143  21:16  Marauder  
  138  21:21  SCV x2  
  138  21:23  SCV  
  140  21:31  SCV  
  141  21:36  Missile Turret  
  141  21:38  SCV x2  
  143  21:42  SCV  
  144  21:50  SCV  
  144  21:53  SCV  
  146  21:56  Marine x3  
  146  21:57  Marauder x2  
  146  21:58  Marine  
  146  22:00  Marine x2  
  150  22:12  Marine x2  
  150  22:13  Marauder  
  154  22:16  Marine x2  
  154  22:22  Supply Depot  
  156  22:34  Marauder  
  155  22:41  Marine  
  155  22:43  Marine x2  
  163  22:44  Marauder x3  
  163  22:48  Orbital Command  
  163  22:54  Marine  
  163  22:56  Marine  
  157  23:20  Supply Depot x2  
  157  23:22  Supply Depot  
  157  23:23  Orbital Command x2  
  157  23:36  Supply Depot x2  
  157  23:39  Missile Turret  
  154  23:42  Marauder  
  154  23:44  Marauder x3  
  160  24:17  SCV x2  
  160  24:18  Marine x2  
  160  24:19  Marauder  
  166  24:37  Supply Depot x2  
  166  24:43  Marauder  
  162  24:50  Orbital Command  
  158  24:54  Supply Depot  
  158  24:56  Liberator x2  
  158  24:57  Supply Depot  
  158  24:58  Marauder, Marine  
  166  25:00  Marine  
  164  25:17  SCV x2  
  166  25:25  Missile Turret  
  166  25:36  Marauder x2, Marine  
  169  25:50  Marauder x2  
  169  25:51  Marauder  
  174  26:09  Medivac  
  174  26:10  SCV  
  174  26:11  SCV  
  178  26:23  SCV x2  
  178  26:35  SCV  
  178  26:39  Missile Turret  
  179  26:43  Marauder x2, Refinery  
  181  27:12  Supply Depot  
  181  27:14  Command Center  
  181  27:22  Ghost, Marauder  
  173  27:25  Marine x3  
  173  27:26  Marine, Marauder x3  
  169  27:38  Marine  
  172  27:44  Marauder  
  172  27:59  Liberator x2, Marine  
  172  28:00  Marauder, Marine  
  172  28:04  SCV x2  
  184  28:08  Marine  
  184  28:09  Marine  
  179  28:29  SCV  
  179  28:32  SCV  
  181  28:35  Engineering Bay  
  181  28:42  Marauder x3  
  181  28:43  Marauder  
  189  28:53  SCV  
  190  28:59  Marine x3  
  190  29:00  Marauder  
  195  29:04  Marauder  
  194  29:14  Sensor Tower  
  165  29:33  Marauder, Marine x2  
  165  29:34  Marauder x2  
  172  29:39  Marauder, Marine  
  172  29:44  Marine  
  153  30:09  Marine x2  
  153  30:10  Marauder x2  
  153  30:14  Medivac x2  
  159  30:18  SCV x2  
  163  30:21  Marine  
  163  30:22  Marauder, Marine x2  
  163  30:25  Missile Turret  
  158  30:30  SCV  
Show
View Real Time Build Order
Export as new Build Order

ForJumY Protoss 

Build Orders: 1 Gate Expand, Oracle Opening, Phoenix Opening, Colossus Rush 

Get SALT Encoding   

  12  0:00  Probe  
  13  0:12  Probe  
  14  0:16  Pylon  
  14  0:24  Probe  
  15  0:34  Gateway  
  15  0:37  Probe (Chrono Boost)  
  16  0:46  Assimilator  
  16  0:47  Probe (Chrono Boost)  
  17  0:54  Probe  
  18  1:06  Probe  
  19  1:18  Probe  
  20  1:25  Nexus  
  20  1:36  Cybernetics Core  
  20  1:39  Probe  
  21  1:44  Assimilator  
  21  1:51  Probe  
  22  1:54  Pylon  
  22  2:03  Probe  
  23  2:10  Adept (Chrono Boost)  
  23  2:15  Probe  
  26  2:21  Stargate  
  26  2:27  Probe, Warp Gate  
  26  2:34  Shield Battery  
  26  2:38  Probe  
  26  2:39  Stalker  
  26  2:40  Probe (Chrono Boost)  
  28  2:51  Probe (Chrono Boost)  
  32  3:00  Probe x2 (Chrono Boost)  
  32  3:05  Probe (Chrono Boost)  
  33  3:06  Probe  
  33  3:07  Oracle (Chrono Boost)  
  38  3:17  Stalker, Probe  
  39  3:20  Probe  
  40  3:27  Gateway  
  40  3:29  Probe  
  41  3:37  Phoenix, Probe  
  44  3:42  Pylon  
  41  3:52  Probe  
  41  3:54  Probe  
  43  4:01  Robotics Facility  
  43  4:06  Probe x2 (Chrono Boost)  
  45  4:10  Phoenix  
  48  4:17  Assimilator  
  48  4:19  Assimilator  
  48  4:20  Pylon  
  48  4:22  Probe (Chrono Boost)  
  48  4:24  Probe (Chrono Boost)  
  48  4:28  Probe  
  47  4:34  Probe (Chrono Boost)  
  47  4:35  Stalker  
  50  4:41  Phoenix  
  50  4:45  Probe (Chrono Boost)  
  54  4:46  Probe (Chrono Boost)  
  54  4:53  Probe (Chrono Boost)  
  54  4:55  Probe (Chrono Boost)  
  54  4:57  Robotics Bay  
  56  5:00  Probe  
  56  5:05  Probe  
  56  5:06  Immortal  
  62  5:13  Pylon  
  62  5:30  Nexus  
  62  5:31  Probe x2, Phoenix  
  66  5:36  Shield Battery  
  66  5:40  Stalker  
  66  5:41  Pylon  
  68  5:43  Probe  
  69  5:56  Colossus (Chrono Boost)  
  69  5:58  Pylon  
  69  6:00  Sentry  
  77  6:06  Probe  
  77  6:09  Pylon  
  78  6:16  Phoenix  
  78  6:18  Probe  
  81  6:20  Stalker  
  81  6:21  Probe  
  81  6:23  Gateway  
  81  6:24  Zealot  
  86  6:30  Probe  
  87  6:33  Probe  
  87  6:37  Colossus (Chrono Boost)  
  90  6:43  Phoenix  
  90  6:45  Zealot  
  95  6:49  Probe (Chrono Boost)  
  95  6:52  Probe x2 (Chrono Boost)  
  97  7:00  Probe (Chrono Boost)  
  98  7:02  Twilight Council, Probe (Chrono Boost)  
  98  7:04  Forge, Probe (Chrono Boost)  
  100  7:11  Gateway  
  103  7:15  Probe (Chrono Boost)  
  103  7:16  Probe (Chrono Boost)  
  103  7:17  Phoenix  
  103  7:20  Probe (Chrono Boost)  
  103  7:22  Observer (Chrono Boost)  
  105  7:25  Probe x2 (Chrono Boost)  
  105  7:26  Probe (Chrono Boost)  
  105  7:29  Pylon  
  109  7:32  Extended Thermal Lance (Chrono Boost)  
  109  7:33  Protoss Ground Weapons Level 1 (Chrono Boost)  
  109  7:39  Charge  
  109  7:47  Gateway, Pylon, Probe  
  109  7:50  Observer (Chrono Boost)  
  111  7:54  Gateway  
  111  7:56  Gateway  
  111  7:59  Shield Battery  
  111  8:01  Sentry x2  
  111  8:03  Gateway  
  111  8:04  Probe  
  116  8:05  Pylon  
  116  8:07  Colossus (Chrono Boost)  
  122  8:15  Probe  
  122  8:16  Zealot  
  122  8:19  Pylon  
  125  8:23  Probe  
  125  8:24  Probe  
  119  8:27  Probe  
  120  8:35  Probe  
  120  8:38  Zealot x4  
  120  8:39  Probe x2  
  131  8:47  Probe  
  131  8:53  Pylon  
  131  8:58  Disruptor  
  131  8:59  Probe  
  131  9:02  Robotics Facility  
  136  9:03  Nexus  
  136  9:05  Pylon  
  136  9:13  Zealot x3, Assimilator  
  136  9:16  Probe  
  143  9:18  Protoss Ground Weapons Level 2 (Chrono Boost)  
  143  9:23  Probe  
  143  9:24  Gateway  
  144  9:28  Probe  
  145  9:32  Zealot  
  145  9:33  Shield Battery  
  145  9:36  Disruptor  
  148  9:40  Probe  
  148  9:41  Zealot  
  148  9:43  Photon Cannon  
  151  9:45  Zealot  
  151  9:49  Probe (Chrono Boost)  
  151  9:50  Blink (Chrono Boost)  
  155  9:53  Observer, Probe x2 (Chrono Boost)  
  152  10:04  Probe (Chrono Boost)  
  152  10:05  Probe (Chrono Boost)  
  152  10:06  Probe (Chrono Boost)  
  154  10:07  Forge  
  154  10:08  Pylon  
  154  10:10  Pylon  
  154  10:12  Disruptor  
  152  10:22  Probe  
  152  10:28  Zealot x5  
  152  10:32  Zealot x4  
  152  10:35  Observer  
  157  10:40  Dark Shrine  
  157  10:42  Probe  
  154  10:44  Photon Cannon  
  154  10:49  Sentry, Protoss Ground Armor Level 1 (Chrono Boost)  
  146  10:50  Zealot x4  
  146  10:57  Disruptor x2  
  152  11:01  Observer  
  152  11:06  Probe  
  152  11:08  Zealot x4  
  161  11:12  Probe  
  161  11:15  Pylon  
  161  11:16  Pylon  
  160  11:28  Assimilator x2  
  160  11:31  Robotics Facility  
  160  11:32  Disruptor, Shield Battery, Probe  
  161  11:36  Disruptor  
  161  11:39  Zealot x9  
  187  11:49  Probe  
  188  12:01  Zealot x4  
  196  12:10  Shadow Stride (Chrono Boost)  
  196  12:11  Warp Prism  
  196  12:20  Photon Cannon  
  196  12:21  Shield Battery  
  196  12:23  Photon Cannon  
  196  12:26  Pylon  
  196  12:27  Observer  
  196  12:28  Gravitic Drive  
  189  12:32  Observer  
  187  12:37  Protoss Ground Weapons Level 3 (Chrono Boost)  
  187  12:43  Disruptor (Chrono Boost)  
  187  12:47  Gateway, Assimilator  
  187  12:49  Observer (Chrono Boost)  
  190  12:53  Disruptor (Chrono Boost)  
  190  12:54  Protoss Ground Armor Level 2 (Chrono Boost)  
  190  12:55  Stalker x5  
  190  12:57  Nexus  
  200  12:59  Pylon  
  200  13:03  Photon Cannon  
  184  13:32  Stalker x9  
  188  13:41  Nexus  
  172  13:44  Pylon  
  172  13:46  Gateway  
  172  13:55  Probe  
  171  13:58  Observer  
  170  14:06  Observer  
  170  14:07  Dark Templar x10  
  188  14:19  Observer  
  188  14:21  Disruptor  
  188  14:23  Robotics Facility  
  192  14:34  Shield Battery  
  192  14:37  Shield Battery  
  192  14:42  Photon Cannon  
  192  14:46  Photon Cannon, Shield Battery  
  192  14:48  Nexus, Pylon  
  192  14:50  Protoss Air Weapons Level 1 (Chrono Boost)  
  192  15:02  Pylon  
  190  15:10  Stargate  
  190  15:14  Fleet Beacon  
  190  15:17  Gravitic Boosters (Chrono Boost)  
  190  15:24  Zealot x5  
  177  15:36  Protoss Ground Armor Level 3 (Chrono Boost)  
  177  15:38  Protoss Shields Level 1 (Chrono Boost)  
  177  15:40  Stalker x6  
  175  15:44  Colossus x2  
  175  16:01  Stalker x5  
  185  16:06  Gateway  
  185  16:11  Mothership (Chrono Boost), Stalker  
  191  16:12  Zealot, Stalker x2  
  199  16:20  Assimilator  
  199  16:21  Assimilator  
  184  16:30  Observer  
  184  16:32  Observer  
  176  16:34  Observer  
  176  16:35  Observer  
  176  16:39  Zealot x7  
  158  16:40  Zealot x4  
  158  16:45  Colossus (Chrono Boost)  
  138  17:00  Disruptor (Chrono Boost)  
  150  17:04  Disruptor (Chrono Boost)  
  150  17:05  Disruptor (Chrono Boost), Shield Battery  
  150  17:06  Photon Cannon  
  150  17:07  Stalker  
  152  17:12  Stalker x6  
  152  17:13  Zealot x3  
  170  17:21  Stalker  
  176  17:26  Zealot, Immortal (Chrono Boost)  
  178  17:38  Stalker  
  178  17:41  Observer  
  178  17:45  Nexus  
  168  17:54  Stalker x4  
  168  17:55  Stalker x7  
  168  17:58  Observer  
  179  18:11  Zealot  
  167  18:12  Disruptor  
  167  18:17  Zealot x9  
  189  18:21  Protoss Shields Level 2 (Chrono Boost)  
  189  18:26  Probe x2  
  190  18:27  Observer  
  191  18:35  Dark Templar x3  
  191  18:39  Dark Templar  
  177  18:57  Dark Templar x4  
  177  18:59  Dark Templar  
  177  19:01  Zealot  
  187  19:05  Pylon  
  181  19:21  Zealot x7  
  159  19:30  Stalker x4  
  154  19:36  Colossus (Chrono Boost)  
  142  19:42  Dark Templar x2  
  142  19:45  Zealot x5, Stalker  
  150  20:01  Zealot x4  
  150  20:03  Assimilator  
  150  20:05  Assimilator  
  164  20:07  Disruptor (Chrono Boost)  
  157  20:17  Disruptor (Chrono Boost), Colossus (Chrono Boost)  
  161  20:32  Stalker x6  
  172  20:38  Nexus  
  157  20:53  Disruptor (Chrono Boost)  
  157  20:54  Disruptor (Chrono Boost)  
  148  21:00  Zealot x11  
  160  21:09  Dark Templar, Disruptor (Chrono Boost)  
  160  21:15  Pylon  
  141  21:35  Observer  
  141  21:37  Observer  
  141  21:40  Dark Templar x3  
  147  21:49  Assimilator  
  147  21:52  Shield Battery  
  147  21:53  Dark Templar x2, Assimilator  
  150  21:55  Zealot  
  150  22:15  Disruptor  
  146  22:23  Stalker  
  146  22:24  Stalker x3  
  146  22:38  Nexus  
  145  22:54  Pylon  
  140  23:05  Observer, Disruptor (Chrono Boost)  
  144  23:07  Disruptor (Chrono Boost)  
  131  24:14  Disruptor  
  123  24:21  Observer  
  123  24:37  Observer  
  119  24:50  Nexus, Disruptor  
  121  24:57  Observer  
  121  24:59  Observer  
  113  25:17  Observer  
  113  25:45  Observer  
  111  26:27  Observer, Disruptor (Chrono Boost)  
  115  27:05  Stalker x4  
  115  27:37  Observer  
  115  27:42  Probe x3  
  118  27:44  Pylon  
  118  27:54  Probe  
  118  27:56  Observer  
  119  27:58  Observer  
  119  28:08  Disruptor  
  123  28:17  Probe  
  123  28:19  Observer  
  122  28:29  Nexus  
  111  28:41  Probe x3  
  110  29:10  Stalker x2  
  114  29:29  Disruptor (Chrono Boost)  
  72  29:44  Disruptor (Chrono Boost)  
  68  29:57  Dark Templar  
  42  30:34  Zealot x3  
Tags
 
Add a new tag
Caveats
  • Supply blocks, unpowered buildings, or Contaminate may cause inaccurate times.
  • Supply counts are checked every 10 seconds.